 Dungeon Crawl Stone Soup version 0.30.1-4-g462c640d31 (webtiles) character file.

Game seed: 4898250515846548338

11169 Diggabert the Basher (level 12, -8/92 HPs)
             Began as a Human Monk on Aug 11, 2023.
             Was an Elder of the Shining One.
             Mangled by a troll (9 damage)
             ... on level 11 of the Dungeon.
             The game lasted 00:28:09 (12179 turns).

Diggabert the Basher (Human Monk)                  Turns: 12179, Time: 00:28:09

Health: -8/92      AC: 24    Str: 16    XL:     12   Next: 4%
Magic:  16/16      EV:  7    Int: 12    God:    the Shining One [****..]
Gold:   274        SH:  0    Dex: 15    Spells: 11/11 levels left

rFire   . . .        J - +2 flail (heavy)
rCold   . . .        (no shield)
rNeg    + + .        N - +0 plate armour
rPois   +            r - +0 helmet
rElec   .            m - +2 cloak {rPois}
rCorr   .            (no gloves)
SInv    .            a - +0 pair of boots
Will    .....        (no amulet) Stlth
                     k - +4 ring of protection
HPRegen 0.35/turn    y - +4 ring of protection
MPRegen 0.15/turn

%: no passive effects
@: confused, ambrosia-drunk, corroded, glowing
A: no striking features
a: Renounce Religion, Divine Shield, Cleansing Flame


You were on level 11 of the Dungeon.
You worshipped the Shining One.
The Shining One was greatly pleased with you.
You visited 2 branches of the dungeon, and saw 12 of its levels.
You also visited: Sewer.

You collected 589 gold pieces.
You spent 315 gold pieces at shops.

Inventory:

Hand Weapons
 J - a +2 heavy flail (weapon)
 K - a +3 spear
 Q - a +2 heavy flail
Missiles
 x - 6 poisoned darts
 C - 3 silver javelins
 G - 2 throwing nets (quivered)
Armour
 a - a +0 pair of boots (worn)
 d - an orb of light
 m - a +2 cloak of poison resistance (worn)
 r - a +0 helmet (worn)
 N - a +0 plate armour (worn)
Jewellery
 k - a +4 ring of protection (left hand)
 s - a ring of poison resistance
 y - a +4 ring of protection (right hand)
Wands
 f - a wand of flame (18)
 D - a wand of roots (19)
 L - a wand of mindburst (34)
Scrolls
 h - a scroll of amnesia {unknown}
 i - a scroll of fear
 n - 2 scrolls of vulnerability
 o - 4 scrolls of teleportation
 q - a scroll of enchant weapon {unknown}
 v - 3 scrolls of immolation
 w - a scroll of butterflies {unknown}
 E - a scroll of noise {unknown}
 F - 2 scrolls of magic mapping
 H - 2 scrolls of fog {unknown}
 I - a scroll of blinking {unknown}
 P - a scroll of enchant armour {unknown}
Potions
 b - 2 potions of lignification {unknown}
 c - 2 potions of brilliance
 e - 3 potions of cancellation
 g - 2 potions of might {unknown}
 j - 3 potions of haste
 l - 5 potions of curing
 p - a potion of resistance {unknown}
 t - 3 potions of attraction {unknown}
 u - a potion of invisibility {unknown}
 z - 2 potions of flight {unknown}
 A - a potion of mutation {unknown}
 B - 3 potions of ambrosia
 O - a potion of magic {unknown}


   Skills:
 * Level 8.1 Fighting
 * Level 11.4 Maces & Flails
 * Level 9.5 Armour
 * Level 6.7 Dodging
 + Level 1.6 Shields
 * Level 5.7 Invocations


You had 11 spell levels left.
You didn't know any spells.
Your spell library contained the following spells:

 Spells                   Type           Power      Damage    Failure   Level
 Apportation              Tloc           0%         N/A       100%        1
 Beastly Appendage        Tmut           0%         N/A       100%        1
 Magic Dart               Conj           0%         1d3       100%        1
 Necrotise                Necr           0%         1d4       100%        1
 Sandblast                Erth           0%         2d4       100%        1
 Summon Small Mammal      Summ           0%         N/A       100%        1
 Call Imp                 Summ           0%         N/A       100%        2
 Passwall                 Tmut/Erth      0%         N/A       100%        2
 Wereblood                Tmut           0%         N/A       100%        2
 Mephitic Cloud           Conj/Pois/Air  0%         N/A       100%        3
 Spider Form              Tmut/Pois      0%         N/A       100%        3
 Stone Arrow              Conj/Erth      0%         3d7       100%        3


Dungeon Overview and Level Annotations

Branches:
Dungeon (11/15)            Temple (1/1) D:4            Lair (0/5) D:9
    Orc (0/2) D:9           Sewer (visited)

Altars:
Cheibriados
Dithmenos
Kikubaaqudgha
Nemelex Xobeh
Sif Muna
Uskayaw
Xom
The Shining One

Shops:
D:7 =*:   D:9 *   D:10 :

Annotations:
D:8 1 runed translucent door


Message History

Unknown command.
You hit the troll but do no damage.
The troll is almost dead.
The brown ugly thing pecks you. The acid corrodes you!
You are splashed with acid.
The troll bites you but does no damage. The troll claws you but does no damage.
The troll claws you.
* * * LOW HITPOINT WARNING * * *
The orc warrior hits you with a +0 scimitar!
* * * LOW HITPOINT WARNING * * *
Unknown command.
You hit the troll but do no damage.
The troll is almost dead.
The brown ugly thing pecks you but does no damage.
The troll bites you but does no damage. The troll closely misses you. x2
The orc warrior hits you with a +0 scimitar!
* * * LOW HITPOINT WARNING * * *
The brown ugly thing pecks you but does no damage.
Unknown command.
Unknown command.
You are confused.
You feel invigorated. The troll closely misses you. x2
The troll claws you but does no damage.
The orc warrior hits you with a +0 scimitar.
* * * LOW HITPOINT WARNING * * *
The brown ugly thing pecks you but does no damage.
Unknown command.
You hit the troll but do no damage.
The troll is almost dead.
The troll bites you.
* * * LOW HITPOINT WARNING * * *
The troll claws you! The Shining One protects you from harm!
The troll barely misses you.
The orc warrior hits you but does no damage.
The brown ugly thing barely misses you. The troll bites you.
* * * LOW HITPOINT WARNING * * *
The troll claws you. The Shining One protects you from harm!
The troll claws you!
You die...

........... .....##...#..
##........
......#...##..#.........
..............#........#
..............#........#
#.....................
##.###..............
#..............Tou#####
##..............@)#.#.##
...##.###..............#
..........#.........#... #
.....>...##.........# ..#
.........##.......<####...
........###.........#..^..
........##.....##......#
........##..#.####..##.####
..............# #.........


You could see a brown ugly thing, a troll and an orc warrior.

Vanquished Creatures
  Harold (D:11)
  3 two-headed ogres
  The ghost of cowcol the Protected, a novice MiFi (D:8)
  An unseen horror (D:11)
  A troll (D:11)
  A wraith (D:9)
  2 vampires
  4 wyverns
  15 yaks
  2 steam dragons
  5 water moccasins
  3 orc warriors
  An ice beast (D:6)
  A sky beast (D:8)
  An ogre (D:6)
  A centaur (D:8)
  A phantom (D:5)
  A kobold brigand (D:10)
  A gnoll sergeant (D:8)
  5 scorpions
  4 bullfrogs
  8 wights
  16 killer bees
  A howler monkey (D:3)
  6 orc priests
  2 jellies
  Crazy Yiuf (D:4)
  3 hounds
  A sleepcap (D:4)
  6 iguanas
  12 orc wizards
  Robin (D:3)
  7 gnolls
  15 adders
  6 river rats (Sewer)
  4 shadow imps (D:7)
  A worm (D:3)
  4 dart slugs
  43 orcs
  16 ball pythons
  9 bats
  11 endoplasms
  2 giant cockroaches
  13 goblins
  11 hobgoblins
  5 quokkas
  8 frilled lizards
  10 kobolds
  28 rats
305 creatures vanquished.

Notes
Turn   | Place    | Note
-------+----------+-------------------------------------------
     0 | D:1      | Diggabert the Human Monk began the quest for the Orb.
     0 | D:1      | Reached XP level 1. HP: 18/18 MP: 1/1
   119 | D:1      | Reached XP level 2. HP: 24/24 MP: 2/2
   620 | D:1      | Reached XP level 3. HP: 28/29 MP: 3/3
  1204 | D:2      | Reached skill level 1 in Armour
  1204 | D:2      | Reached XP level 4. HP: 26/35 MP: 4/4
  1520 | D:2      | Reached skill level 4 in Maces & Flails
  1694 | D:3      | Noticed Robin
  1712 | D:3      | Reached XP level 5. HP: 28/41 MP: 5/5
  1719 | D:3      | Killed Robin
  2217 | D:4      | Reached XP level 6. HP: 48/48 MP: 6/6
  2219 | D:4      | Found a glowing drain.
  2230 | Sewer    | Entered a sewer
  2369 | Sewer    | Reached skill level 5 in Maces & Flails
  2374 | Sewer    | HP: 1/48 [river rat (7)]
  2729 | Sewer    | Reached XP level 7. HP: 18/54 MP: 7/7
  2923 | D:4      | Found a staircase to the Ecumenical Temple.
  2934 | Temple   | Entered the Ecumenical Temple
  2968 | Temple   | Became a worshipper of the Shining One
  2968 | Temple   | Reached * piety under the Shining One
  2968 | Temple   | Reached ** piety under the Shining One
  3013 | D:4      | Found a snail-covered altar of Cheibriados.
  3357 | D:4      | Noticed a +0 falchion
  3358 | D:4      | Noticed a +0 spear
  3358 | D:4      | Noticed a +0 dagger
  3359 | D:4      | Noticed a +0 short sword
  3359 | D:4      | Noticed a +0 dagger
  3359 | D:4      | Noticed a +0 spear
  3359 | D:4      | Noticed a +0 falchion
  3359 | D:4      | Noticed a +0 short sword
  3367 | D:4      | Found a hide-covered altar of Uskayaw.
  3418 | D:4      | Found a runed translucent door.
  3419 | D:4      | Noticed Crazy Yiuf
  3507 | D:4      | Killed Crazy Yiuf
  3607 | D:5      | Entered Level 5 of the Dungeon
  3608 | D:5      | Noticed a water moccasin
  3623 | D:4      | Killed a water moccasin
  3778 | D:4      | Reached skill level 6 in Maces & Flails
  3798 | D:4      | Reached skill level 1 in Invocations
  3808 | D:5      | Reached XP level 8. HP: 42/61 MP: 8/8
  5032 | D:6      | Reached skill level 7 in Maces & Flails
  5184 | D:6      | Reached skill level 5 in Fighting
  5184 | D:6      | Reached skill level 5 in Armour
  5220 | D:6      | Reached XP level 9. HP: 37/68 MP: 10/10
  5764 | D:7      | Reached skill level 8 in Maces & Flails
  5847 | D:7      | Found Uwi Via's Jewellery Shop.
  5957 | D:7      | HP: 3/68 [killer bee (4)]
  5969 | D:7      | HP: 3/68 [poisoned by a killer bee]
  6172 | D:7      | Found Roacvoe's Book Boutique.
  6248 | D:7      | Found Fanes's Assorted Antiques.
  6310 | D:7      | Reached skill level 5 in Dodging
  6807 | D:8      | Reached *** piety under the Shining One
  6959 | D:8      | Noticed a manticore
  6959 | D:8      | Noticed an eight-headed hydra
  6959 | D:8      | Noticed a freezing wraith
  6960 | D:8      | Found a runed translucent door.
  6963 | D:8      | Noticed a boulder beetle
  6963 | D:8      | Noticed a centaur warrior
  6963 | D:8      | Noticed a cyclops
  7001 | D:8      | Reached XP level 10. HP: 41/76 MP: 12/12
  7215 | D:8      | Found a large runed translucent door.
  7215 | D:8      | Found a large runed translucent door.
  7216 | D:8      | Noticed cowcol's ghost (novice MiFi)
  7372 | D:8      | Noticed a two-headed ogre
  7398 | D:7      | Killed a two-headed ogre
  7399 | D:7      | Reached skill level 9 in Maces & Flails
  8302 | D:8      | HP: 2/77 [cowcol's ghost (6)]
  8306 | D:8      | Killed cowcol's ghost
  8570 | D:8      | Noticed a jorogumo
  8623 | D:8      | Reached skill level 10 in Maces & Flails
  8749 | D:9      | Reached XP level 11. HP: 76/83 MP: 14/14
  9020 | D:8      | Reached skill level 5 in Invocations
  9508 | D:9      | Noticed a two-headed ogre
  9513 | D:9      | Killed a two-headed ogre
  9514 | D:9      | Reached skill level 1 in Shields
  9694 | D:9      | Found Yhigyf's Assorted Antiques.
  9823 | D:9      | Found a staircase to the Lair.
 10493 | D:9      | Found a staircase to the Orcish Mines.
 10864 | D:9      | Bought a glowing cloak for 225 gold pieces
 10864 | D:9      | Bought a potion of curing for 90 gold pieces
 10900 | D:10     | Entered Level 10 of the Dungeon
 11034 | D:10     | Found Kourocag's Book Emporium.
 11034 | D:10     | Noticed a walking frostbound tome
 11036 | D:10     | Noticed a walking divine tome
 11037 | D:10     | Identified the +6 arbalest of Qyetoli {drain, Fragile
                  | +Blink rN+++ Int+2}
 11080 | D:10     | Reached skill level 11 in Maces & Flails
 11145 | D:10     | Found an ancient bone altar of Kikubaaqudgha.
 11153 | D:10     | Found a shadowy altar of Dithmenos.
 11222 | D:10     | Noticed a two-headed ogre
 11222 | D:10     | Reached **** piety under the Shining One
 11235 | D:10     | Killed a two-headed ogre
 11957 | D:11     | Noticed Harold
 11977 | D:11     | Killed Harold
 11978 | D:11     | Reached XP level 12. HP: 58/92 MP: 16/16
 12177 | D:11     | HP: 2/92 [orc warrior/+0 scimitar (14)]
 12179 | D:11     | The Shining One protects you from harm!
 12179 | D:11     | The Shining One protects you from harm!
 12179 | D:11     | Mangled by a troll

Illustrated notes

Levels and vault maps discovered:
D:1:      giann_horns, layout_basic, chequers_serial_rivers_room_b
D:2:      layout_basic, due_unseen_surprise
D:3:      layout_rooms, minmay_misc_feat_columns, uniq_robin
D:4:      layout_basic, general_overflow_altar, nicolae_uskayaw_en_pointe,
          minmay_temple_entry_mini_moons, cheibrodos_sewer_entry_sluice,
          uniq_crazy_yiuf_cottage
D:5:      layout_basic
D:6:      layout_gridville, kennysheep_generic_room_9
D:7:      layout_gridville, serial_shops, kennysheep_mini,
          nicolae_shop_real_fake_doors, nicolae_shop_tiny_waterfront
D:8:      minmay_gate_of_8, layout_basic, ebering_ghost_disaster_area
D:9:      layout_layer_cave, minmay_lair_entry_grove, hiddenorc1_lemuel,
          serial_shops, shop_fountains, reono_crystal_passage
D:10:     layout_cave_pools, mainiacjoe_overflow_catwalk_spiral, serial_shops,
          nicolae_shop_mannequins
D:11:     layout_cave_pools, serial_shops, nicolae_shop_peninsula, uniq_harold
Temple:   mainiacjoe_temple_bowtie_tessellation

Skill      XL: |  1  2  3  4  5  6  7  8  9 10 11 |
---------------+----------------------------------+-----
Armour         | 1 2 4 5 6 8 9 |  9.5
Maces & Flails | 4 5 6 7 8 10 11 | 11.4
Fighting       | 4 5 6 8 |  8.1
Dodging        | 4 5 6 |  6.7
Invocations    | 1 2 3 4 5 |  5.7
Shields        | 1 |  1.6

Action                     |  1- 3 |  4- 6 |  7- 9 | 10-12 || total
---------------------------+-------+-------+-------+-------++-------
  Melee: Mace              |    88 |   302 |    36 |       ||   426
         Flail             |       |       |   330 |   336 ||   666
         Punch             |       |       |     5 |     4 ||     9
  Throw: Dart              |       |       |     3 |       ||     3
 Invoke: Divine Shield     |       |       |       |     7 ||     7
    Use: Scroll            |       |     1 |     4 |     3 ||     8
         Potion            |       |     3 |     7 |     2 ||    12
 Armour: Robe              |     5 |       |       |       ||     5
         Ring mail         |     8 |       |       |       ||     8
         Chain mail        |    21 |   403 |   344 |    15 ||   783
         Plate armour      |       |       |       |   328 ||   328
  Dodge: Dodged            |    58 |   202 |   246 |   202 ||   708
  Block: Other             |       |       |       |    54 ||    54
